 Dungeon Crawl Stone Soup version 0.25-a0-340-ga1faa1601d (webtiles) character file.

Game seed: 8445435370028683454, levelgen mode: deterministic

5726 night the Thaumaturge (level 10, -1/72 HPs)
             Began as a Demonspawn Venom Mage on Dec 29, 2019.
             Was a Priest of Dithmenos.
             Killed from afar by Harold (8 damage)
             ... with a harpoon shot
             ... on level 8 of the Dungeon.
             The game lasted 00:35:25 (10349 turns).

night the Thaumaturge (Demonspawn Venom Mage)      Turns: 10349, Time: 00:35:26

Health: -1/72      AC: 11    Str: 13    XL:     10   Next: 48%
Magic:  12/22      EV: 11    Int: 20    God:    Dithmenos [***...]
Gold:   537        SH:  0    Dex: 14    Spells: 13/26 levels left

rFire    + . .     SeeInvis .   b - +4 long sword
rCold    . . .     Gourm    .   (no shield)
rNeg     . . .     Faith    .   A - +3 leather armour {rF+}
rPois    .         Spirit   .   (no helmet)
rElec    .         Reflect  .   q - +2 cloak {+Inv}
rCorr    .         Harm     .   (no gloves)
MR       .....                  (no boots)
Stlth    ++++++....             (no amulet)
HPRegen  0.22/turn              n - +5 ring of strength
MPRegen  0.18/turn              (no ring)

@: marked, wreathed by umbra, lightly drained
A: yellow scales 1, nightstalker 2, rot immunity
a: Shadow Step, Renounce Religion, Evoke Invisibility


You were on level 8 of the Dungeon.
You worshipped Dithmenos.
Dithmenos was most pleased with you.
You were near starving.

You visited 2 branches of the dungeon, and saw 10 of its levels.
You also visited: Sewer.

You collected 537 gold pieces.

Inventory:

Hand Weapons
 a - a +0 dagger
 b - a +4 long sword (weapon)
 r - a +3 mace of protection
 I - a +1 dagger of venom
Missiles
 e - 5 silver javelins
 f - 169 stones
 h - 52 sling bullets
 k - 106 arrows
 o - 13 boomerangs (quivered)
 y - 13 poisoned darts
 G - 46 bolts
Armour
 j - a +0 robe
 q - a +2 cloak of invisibility (worn)
 A - a +3 leather armour of fire resistance (worn)
Jewellery
 n - a +5 ring of strength (left hand)
Wands
 s - a wand of paralysis (9)
 t - a wand of disintegration (33)
 H - a wand of digging (4)
Scrolls
 d - 3 scrolls of enchant weapon
 i - 8 scrolls of remove curse
 l - 4 scrolls of fog
 p - 3 scrolls of teleportation
 u - 2 scrolls of identify
 D - a scroll of magic mapping
Potions
 g - 4 potions of curing
 m - 5 potions of might
 v - 3 potions of heal wounds {unknown}
 w - a potion of degeneration {unknown}
 x - 2 potions of brilliance {unknown}
 z - a potion of ambrosia {unknown}
 B - 4 potions of haste
 C - a potion of flight {unknown}
 E - 7 potions of lignification
 F - a potion of invisibility {unknown}
Comestibles
 c - 15 rations


   Skills:
 + Level 4.2(3.9) Fighting
 - Level 3.8(3.5) Short Blades
 + Level 0.0(1.9) Long Blades
 - Level 1.7(1.4) Dodging
 + Level 4.6(4.3) Stealth
 + Level 8.9(8.5) Spellcasting
 + Level 4.3(4.0) Conjurations
 - Level 1.1(0.8) Transmutations
 - Level 8.8(8.4) Poison Magic
 + Level 3.1(2.8) Evocations


You had 13 spell levels left.
You knew the following spells:

 Your Spells              Type           Power        Failure   Level  Hunger
a - Sting                 Tmut/Pois      ####         1%          1    None
b - Poisonous Vapours     Pois/Air       ####..       2%          2    None
c - Mephitic Cloud        Conj/Pois/Air  ####....     5%          3    None
d - Olgreb's Toxic Radia  Pois           #####...     3%          4    ###....
e - Ignite Poison         Fire/Tmut/Pois ###.....     9%          3    None

Your spell library contained the following spells:

 Spells                   Type           Power        Failure   Level  Hunger
 Confusing Touch          Hex            #.....       11%         1    None
 Confuse                  Hex            #.......     30%         3    None
 Gell's Gravitas          Tloc           #.........   30%         3    None
 Petrify                  Tmut/Erth      ##......     65%         4    ###....
 Yara's Violent Unravell  Hex/Tmut       ##........   94%         5    #####..
 Metabolic Englaciation   Hex/Ice        #.........   96%         5    #####..


Dungeon Overview and Level Annotations

Branches:
Dungeon (9/15)             Temple (1/1) D:4           Sewer (visited)
   Lair: D:8-11         Orc: D:9-12

Altars:
Ashenzari
Cheibriados
Dithmenos
Elyvilon
Fedhas
Gozag
Hepliaklqana
Kikubaaqudgha
Makhleb
Nemelex Xobeh
Okawaru
Ru
Sif Muna
Trog
Uskayaw
Vehumet
Wu Jian
Xom
Yredelemnul
Zin
The Shining One

Shops:
D:5 *   D:6 *

Annotations:
D:8 Harold


Innate Abilities, Weirdness & Mutations

You are partially covered in yellow scales. (AC +2)
You are significantly more attuned to the shadows.
You are immune to rotting.


Message History

Harold hits you from afar with a +0 halberd!
* * * LOW HITPOINT WARNING * * *
Casting: Sting (safe; 1% risk of failure)
Confirm with . or Enter, or press ? or * to list all spells.
You ignite the poison in your surroundings!
Harold seems to burn from within!!!
Harold is almost dead.
Harold hits you from afar with a +0 halberd!
* * * LOW HITPOINT WARNING * * *
Casting: Ignite Poison (safe; 9% risk of failure)
Confirm with . or Enter, or press ? or * to list all spells.
You can't see any susceptible monsters within range! (Use Z to cast anyway.)
Casting: Ignite Poison (safe; 9% risk of failure)
Confirm with . or Enter, or press ? or * to list all spells.
Aiming: Mephitic Cloud (safe; 5% risk of failure)
Press: ? - help, Shift-Dir - straight line The ball explodes into a vile cloud!
Harold gestures at you while chanting. The harpoon shot hits you!
You die...

#####.###### #...........#..#
#..........###.#..#######..##
#.........................###
#..........###.########...###
#..........#...# ##.#..##
#..........#.### #####..##.#.
#..........#.# ###.....###..<
#..........#.# #...#####...##
#..........#@###.### #.####
###########..#...# ###
##@##.###
#.°.@.##############
#○☼†................
#...................
##...############### #####


You could see Harold.

Vanquished Creatures
  A two-headed ogre (D:8)
  Pikel (D:7)
  A gargoyle (D:8)
  A hippogriff (D:7)
  Eustachio (D:5)
  A water moccasin (D:9)
  3 slaves (D:7)
  An orc warrior (D:6)
  A sky beast (D:6)
  2 ice beasts (D:7)
  A phantom (D:7)
  A black bear (D:7)
  A centaur (D:4)
  5 ogres
  9 bullfrogs
  5 big kobolds (Sewer)
  Blork the orc (D:6)
  A water moccasin zombie (D:6)
  3 scorpions
  3 killer bees (D:7)
  9 wights
  2 crimson imps
  3 quasits
  Crazy Yiuf (D:2)
  A hound (D:7)
  An orc priest (D:6)
  2 bullfrog skeletons
  7 orc wizards
  A centaur skeleton (D:7)
  An iguana (D:6)
  13 worker ants
  A worker ant zombie (D:7)
  A gnoll (D:2)
  14 adders
  A river rat (Sewer)
  A shadow imp (D:6)
  5 oozes
  2 adder zombies
  2 adder skeletons
  A worm (Sewer)
  3 dart slugs
  9 leopard geckos
  26 orcs
  4 ball pythons
  5 giant cockroaches
  10 goblins
  12 hobgoblins
  5 jackals
  2 quokkas
  8 bats
  2 frilled lizards
  9 kobolds
  A leopard gecko skeleton (D:6)
  8 rats
  A fungus (D:2)
217 creatures vanquished.

Vanquished Creatures (others)
  A howler monkey (D:7)
1 creature vanquished.

Grand Total: 218 creatures vanquished

Notes
Turn   | Place    | Note
-------+----------+-------------------------------------------
     0 | D:1      | night the Demonspawn Venom Mage began the quest for the
                  | Orb.
     0 | D:1      | Reached XP level 1. HP: 13/13 MP: 3/3
    44 | D:1      | Reached skill level 1 in Transmutations
   401 | D:1      | Gained mutation: You are immune to rotting. [demonic
                  | ancestry]
   401 | D:1      | Reached XP level 2. HP: 19/19 MP: 3/5
   686 | D:1      | Learned a level 2 spell: Poisonous Vapours
  1160 | D:2      | Reached XP level 3. HP: 19/24 MP: 2/6
  1165 | D:2      | Learned a level 3 spell: Mephitic Cloud
  1787 | D:2      | Reached XP level 4. HP: 30/30 MP: 5/8
  1850 | D:2      | Found a shimmering altar of Xom.
  1999 | D:2      | Found a runed translucent door.
  2000 | D:2      | Noticed Crazy Yiuf
  2014 | D:2      | Killed Crazy Yiuf
  2585 | D:3      | Reached XP level 5. HP: 26/35 MP: 0/10
  3191 | D:4      | Learned a level 4 spell: Olgreb's Toxic Radiance
  3430 | D:4      | Reached skill level 5 in Poison Magic
  3446 | D:4      | Found a staircase to the Ecumenical Temple.
  3459 | Temple   | Entered the Ecumenical Temple
  3722 | D:4      | Gained mutation: You are slightly more attuned to the
                  | shadows. [demonic ancestry]
  3722 | D:4      | Reached XP level 6. HP: 16/41 MP: 5/12
  4527 | D:4      | Found a blossoming altar of Fedhas.
  4686 | D:5      | Entered Level 5 of the Dungeon
  4701 | D:5      | Reached skill level 5 in Spellcasting
  4785 | D:5      | Reached XP level 7. HP: 46/46 MP: 7/14
  4875 | D:5      | Found Fiateopu's General Store.
  4878 | D:5      | Found a hazy altar of Hepliaklqana.
  5051 | D:5      | Found a radiant altar of Vehumet.
  5052 | D:5      | Found a shadowy altar of Dithmenos.
  5079 | D:5      | Became a worshipper of Dithmenos the Shadowed
  5227 | D:5      | Noticed Eustachio
  5247 | D:5      | Killed Eustachio
  5569 | D:6      | Reached XP level 8. HP: 23/52 MP: 13/17
  5581 | D:6      | Learned a level 3 spell: Ignite Poison
  5640 | D:6      | Found a glowing drain.
  5656 | Sewer    | Entered a sewer
  6203 | Sewer    | Reached * piety under Dithmenos
  6734 | D:6      | Noticed Blork the orc
  6746 | D:6      | Killed Blork the orc
  6755 | D:6      | Found Peiwkec's Assorted Antiques.
  7116 | D:6      | Gained mutation: You are significantly more attuned to the
                  | shadows. [demonic ancestry]
  7116 | D:6      | Reached XP level 9. HP: 57/57 MP: 13/20
  7263 | D:6      | Reached ** piety under Dithmenos
  7397 | D:6      | Reached skill level 1 in Fighting
  7397 | D:6      | Reached skill level 1 in Short Blades
  7397 | D:6      | Reached skill level 1 in Conjurations
  8625 | D:7      | Noticed Pikel
  8638 | D:7      | Killed Pikel
  8638 | D:7      | Reached skill level 1 in Evocations
  9081 | D:8      | Noticed a two-headed ogre
  9081 | D:8      | Noticed a gargoyle
  9146 | D:8      | Found a snail-covered altar of Cheibriados.
  9146 | D:8      | Found an opulent altar of Gozag.
  9149 | D:8      | Found a burning altar of Makhleb.
  9249 | D:8      | Killed a gargoyle
  9249 | D:8      | Gained mutation: You are partially covered in yellow
                  | scales. (AC +2) [demonic ancestry]
  9249 | D:8      | Reached XP level 10. HP: 53/70 MP: 16/22
  9368 | D:8      | Killed a two-headed ogre
  9507 | D:7      | Reached *** piety under Dithmenos
 10323 | D:9      | Noticed Harold
 10349 | D:8      | Killed from afar by Harold

Levels and vault maps discovered:
D:1:      lemuel_arrival_funnel, layout_loops_ring, dk_noncrumbling_3,
          kennysheep_pointless_box
D:2:      layout_rooms, tgw_xom, uniq_crazy_yiuf_cottage
D:3:      layout_basic
D:4:      layout_loops_ring, minmay_temple_entry_drinking_statues, first_ration,
          fedhas_bush_and_centaur_altar
D:5:      layout_basic, overflow_temple_1_default, grunt_temple_overflow_open,
          serial_glass, glass_columns_b, glass_columns_b, glass_columns_c,
          glass_columns_a, serial_shops, shop, uniq_eustachio
D:6:      layout_gridville, gup_sewer_entry_pipe, serial_shops, shop_fountains,
          uniq_blork_the_orc
D:7:      layout_rooms, uniq_pikel
D:8:      layout_rooms, minitemple
D:9:      layout_cross, nicolae_overflow_crystal_walls, grunt_pizzeria,
          uniq_harold
Temple:   eino_temple_water

Skill      XL: |  1  2  3  4  5  6  7  8  9 10 |
---------------+-------------------------------+-----
Transmutations | 1 |  1.1
Spellcasting   | 3 4 5 6 7 8 |  8.9
Poison Magic   | 4 5 6 7 8 |  8.8
Fighting       | 3 4 |  4.2
Short Blades   | 3 |  3.8
Conjurations   | 3 4 |  4.3
Stealth        | 3 4 |  4.6
Evocations     | 2 3 |  3.1
Dodging        | |  1.7

Action                   |  1- 3 |  4- 6 |  7- 9 | 10-12 || total
-------------------------+-------+-------+-------+-------++-------
Melee: Unarmed           |     4 |       |       |       ||     4
       Dagger            |    25 |    29 |   121 |    10 ||   185
       Mace              |       |    48 |    89 |       ||   137
       Long sword        |       |       |    11 |    28 ||    39
Throw: Boomerang         |       |       |     1 |       ||     1
 Cast: Sting             |    53 |    34 |   115 |    23 ||   225
       Poisonous Vapours |       |    31 |    52 |     9 ||    92
       Mephitic Cloud    |       |     2 |     9 |     8 ||    19
       Olgreb's Toxic Ra |       |       |    11 |     2 ||    13
       Ignite Poison     |       |       |     9 |     7 ||    16
Evoke: Wand              |       |       |     4 |       ||     4
  Use: Scroll            |     3 |       |     8 |       ||    11
 Stab: Sleeping          |     1 |     1 |     5 |       ||     7
       Confused          |       |     1 |       |     1 ||     2
  Eat: Chunk             |     3 |     9 |    16 |     3 ||    31
Armor: Robe              |     7 |    31 |     3 |       ||    41
       Leather armour    |       |       |   118 |    60 ||   178
Dodge: Dodged            |    31 |    38 |   195 |    99 ||   363
       Rpst.: Long sword |       |       |     6 |    19 ||    25

Table legend:
 A = Non-vault XP
 B = Vault XP
 C = Vault XP percentage of total XP
 D = Non-vault monster count
 E = Vault monster count
 F = Vault count percentage of total count
                 A         B        C        D         E       F
            +---------+---------+-------+---------+---------+-------
      Total |    6362 |    1819 |  22.2 |     168 |      45 |  21.1
            +---------+---------+-------+---------+---------+-------
        D:1 |      22 |       0 |   0.0 |      13 |       0 |   0.0
        D:2 |      53 |      66 |  55.5 |      20 |       6 |  23.1
        D:3 |      93 |       0 |   0.0 |      25 |       0 |   0.0
        D:4 |     314 |     110 |  25.9 |      15 |       1 |   6.2
        D:5 |     322 |     197 |  38.0 |       8 |       1 |  11.1
        D:6 |    1722 |     109 |   6.0 |      34 |       8 |  19.0
        D:7 |    1826 |     718 |  28.2 |      29 |       1 |   3.3
        D:8 |    1575 |       0 |   0.0 |      15 |       0 |   0.0
        D:9 |     435 |       0 |   0.0 |       9 |       0 |   0.0
      Sewer |       0 |     619 | 100.0 |       0 |      28 | 100.0
            +---------+---------+-------+---------+---------+-------
